Map: Last Fantasy LE

Players

ben - Winner!

  • Race: Terran Terran
  • League: Silver
  • Spawn Location: 3:00

ManlyManMeat

  • Race: Terran Terran
  • Spawn Location: 12:00

VOD

Have the link to the VOD?

Description

Time

  • Played on: May 16, 2025, 7:35 a.m.
  • Length: 5:54
Show
View Real Time Build Order
Export as new Build Order

ben Terran - Winner!

Build Orders:  

Get SALT Encoding   

  12  0:12  Supply Depot  
  12  0:37  Barracks  
  12  0:44  Barracks  
  12  0:48  Refinery  
  12  0:55  Refinery  
  12  1:26  Reaper  
  13  1:36  Barracks  
  13  1:37  Reaper  
  14  1:47  SCV  
  15  1:58  Reaper  
  16  2:09  Reaper  
  17  2:31  Reaper  
  17  2:32  Reaper  
  19  2:49  Reaper  
  20  3:03  Reaper  
  20  3:04  Reaper  
  22  3:22  Reaper  
  22  3:24  Supply Depot  
  23  3:45  Reaper x2  
  25  3:54  Reaper  
  26  4:17  Reaper x2  
  28  4:26  Reaper  
  28  4:49  Reaper x2  
  28  4:58  Reaper  
  29  5:21  Reaper x2  
Show
View Real Time Build Order
Export as new Build Order

ManlyManMeat Terran 

Build Orders:  

Get SALT Encoding   

  12  0:00  SCV  
  13  0:13  SCV  
  14  0:19  Supply Depot  
  14  0:25  SCV  
  15  0:40  SCV  
  15  0:42  Barracks  
  16  0:59  SCV  
  18  1:11  SCV  
  18  1:22  Refinery  
  18  1:23  SCV  
  19  1:29  Command Center  
  19  1:36  SCV  
  20  1:43  Marine  
  21  1:49  SCV  
  21  1:53  Supply Depot  
  22  2:01  SCV  
  23  2:06  Barracks Reactor  
  23  2:15  Bunker  
  23  2:32  Bunker  
  23  2:34  Orbital Command  
  23  2:41  Orbital Command  
  23  3:00  Marine x2  
  23  3:20  Marine x2  
  25  3:30  Barracks  
  22  3:37  Marine  
  20  3:49  Marine  
  20  3:55  Marine  
  15  4:07  Barracks  
  15  4:13  Marine x2  
  17  4:24  Marine  
  13  4:41  Marine x2  
  13  4:55  Orbital Command  
  13  4:58  Marine  
  11  5:00  Barracks Reactor  
  10  5:12  Marine  
  9  5:20  SCV  
  7  5:32  SCV  
Tags
 
League
Silver
Matchup
TvT
Race
Terran
Spawn Locations
Close Positions
Add a new tag
Caveats
  • Supply blocks, unpowered buildings, or Contaminate may cause inaccurate times.
  • Supply counts are checked every 10 seconds.